 Dungeon Crawl Stone Soup version 0.23.2-33-g5129a83184 (webtiles) character file.

Game seed: 15586310211281308954

774577 Deadponey the Conqueror (level 27, -6/273 HPs)
             Began as a Minotaur Fighter on July 20, 2019.
             Was the Champion of Okawaru.
             Killed by divine providence
             ... invoked by a greater mummy
              (17 damage)
             ... on level 1 of the Tomb of the Ancients on July 23, 2019.
             The game lasted 13:17:24 (93890 turns).

Deadponey the Conqueror (Minotaur Fighter)         Turns: 93890, Time: 13:17:24

Health: -6/273     AC: 50    Str: 38    XL:     27
Magic:  28/28      EV: 16    Int:  3    God:    Okawaru [******]
Gold:   3588       SH: 42    Dex: 12    Spells: 26/26 levels left

rFire    + + +     SeeInvis .   a - +9 double sword of Valour {slice, rF+}
rCold    + . .     Gourm    .   h - +8 large shield of the Flute {*Contam MR++ Str+4}
rNeg     + + +     Faith    .   m - +12 gold dragon scales
rPois    +         Spirit   .   S - +1 hat "Xausosew" {rPois rN+ Str+4}
rElec    .         Reflect  +   D - +0 cloak {MR+}
rCorr    .         Harm     .   M - +0 pair of gloves {archery}
MR       +++++                  e - +2 pair of boots
Stlth    ..........             O - +5 amulet of reflection
HPRegen  0.55/turn              r - ring of positive energy
MPRegen  0.21/turn              n - ring of positive energy

@: lethally poisoned (-6 -> -7), finesse, marked, slightly contaminated, slowed,
invisible, very slow
A: retaliatory headbutt, horns 2, yellow scales 1, clumsy 1, dopey 1, fire
resistance 1, sense surroundings 1
}: 5/15 runes: decaying, slimy, silver, abyssal, gossamer
a: Heroism, Finesse, Renounce Religion


You were on level 1 of the Tomb of the Ancients.
You worshipped Okawaru.
Okawaru was exalted by your worship.
You were not hungry.

You visited 14 branches of the dungeon, and saw 61 of its levels.
You visited the Abyss 2 times.
You also visited: Bailey and Ice Cave.

You collected 7830 gold pieces.
You spent 4242 gold pieces at shops.

Inventory:

Hand Weapons
 a - the +9 double sword of Valour (weapon) {slice, rF+}
   (You acquired it on level 6 of the Lair of Beasts)

   It inflicts extra damage upon your enemies.
   It protects you from fire.
 b - a +9 hand crossbow of flaming
 g - a +2 triple crossbow of velocity
 Q - a +3 double sword of holy wrath
Missiles
 Y - 1718 bolts
Armour
 e - a +2 pair of boots (worn)
 h - the +8 large shield of the Flute (worn) {*Contam MR++ Str+4}
   (You acquired it on level 2 of the Crypt)

   It affects your strength (+4).
   It affects your resistance to hostile enchantments.
   It causes magical contamination when unequipped.
 m - +12 gold dragon scales (worn)
 q - a scarf of cloud immunity
 w - a scarf of repulsion
 C - a +1 large shield of protection
 D - a +0 cloak of magic resistance (worn)
 M - a +0 pair of gloves of archery (worn)
 S - the +1 hat "Xausosew" (worn) {rPois rN+ Str+4}
   (You acquired it on level 3 of the Vaults)

   It affects your strength (+4).
   It protects you from poison.
   It protects you from negative energy.
Jewellery
 k - an uncursed ring of flight
 n - a ring of positive energy (right hand)
 r - a ring of positive energy (left hand)
 s - the amulet "Ykhlemeul" {Faith Str-3 Dex+7 Slay+3}
   (You acquired it in a bailey)

   [amulet of faith]

   It allows you to gain divine favour quickly.
   It affects your strength (-3).
   It affects your dexterity (+7).
   It affects your accuracy and damage with ranged weapons and melee attacks
   (+3).
 G - the ring of the Frog {rC++ MR++ EV+5 Dex+2}
   (You found it on level 1 of the Tomb of the Ancients)

   [ring of evasion]

   It affects your evasion (+5).
   It affects your dexterity (+2).
   It greatly protects you from cold.
   It affects your resistance to hostile enchantments.
 J - an uncursed ring of protection from cold
 O - a +5 amulet of reflection (around neck)
 W - an uncursed ring of see invisible
 Z - an uncursed ring of resist corrosion
Wands
 o - a wand of flame (23)
 p - a wand of enslavement (34)
 E - a wand of disintegration (16)
 K - a wand of polymorph (69)
 P - a wand of iceblast (90)
 T - a wand of digging (9)
 X - a wand of paralysis (20)
Scrolls
 c - a scroll of immolation
 i - 27 scrolls of teleportation
 j - a scroll of magic mapping
 l - 29 scrolls of identify
 t - 24 scrolls of remove curse
 v - 3 scrolls of blinking
 H - 3 scrolls of silence
 I - a scroll of summoning
 L - 9 scrolls of fog
 N - 8 scrolls of fear
Potions
 d - 15 potions of might
 z - 9 potions of curing
 A - 6 potions of agility
 B - 6 potions of flight
 F - 3 potions of resistance
 R - 4 potions of invisibility
 V - a potion of berserk rage
Miscellaneous
 x - 6 phantom mirrors
Comestibles
 f - 66 rations


   Skills:
 O Level 27 Fighting
 O Level 27 Long Blades
   Level 4.0 Bows
 + Level 21.3 Crossbows
 O Level 27 Armour
 - Level 15.0 Dodging
 O Level 27 Shields
 - Level 7.0 Invocations
 - Level 8.0 Evocations


You had 26 spell levels left.
You didn't know any spells.
Your spell library contained the following spells:

 Spells                   Type           Power        Failure   Level  Hunger
 Animate Skeleton         Necr           N/A          93%         1    ##.....
 Apportation              Tloc           #.....       93%         1    ##.....
 Beastly Appendage        Tmut           #.....       93%         1    ##.....
 Confusing Touch          Hex            #.....       93%         1    ##.....
 Corona                   Hex            #......      93%         1    ##.....
 Flame Tongue             Conj/Fire      #....        93%         1    ##.....
 Infusion                 Chrm           #...         93%         1    ##.....
 Magic Dart               Conj           #...         93%         1    ##.....
 Pain                     Necr           #...         93%         1    ##.....
 Sandblast                Erth           #.....       93%         1    ##.....
 Shock                    Conj/Air       #...         93%         1    ##.....
 Sting                    Conj/Pois      #...         93%         1    ##.....
 Summon Butterflies       Summ           #.......     93%         1    ##.....
 Summon Small Mammal      Summ           #...         93%         1    ##.....
 Blink                    Tloc           N/A          98%         2    ###....
 Call Imp                 Summ           #.......     98%         2    ###....
 Corpse Rot               Necr           N/A          98%         2    ###....
 Ensorcelled Hibernation  Hex/Ice        #.....       98%         2    ###....
 Passwall                 Tmut/Erth      #.......     98%         2    ###....
 Poisonous Vapours        Pois/Air       #.....       98%         2    ###....
 Shroud of Golubria       Chrm/Tloc      #.........   98%         2    ###....
 Slow                     Hex            #.......     98%         2    ###....
 Sticks to Snakes         Tmut           #.......     98%         2    ###....
 Swiftness                Chrm/Air       #.......     98%         2    ###....
 Throw Flame              Conj/Fire      #.....       98%         2    ###....
 Call Canine Familiar     Summ           #.......     100%        3    ####...
 Confuse                  Hex            #.......     100%        3    ####...
 Conjure Flame            Conj/Fire      #.......     100%        3    ####...
 Dazzling Spray           Conj/Hex       #.....       100%        3    ####...
 Gell's Gravitas          Tloc           #.........   100%        3    ####...
 Ignite Poison            Fire/Tmut/Pois #.......     100%        3    ####...
 Inner Flame              Hex/Fire       #.......     100%        3    ####...
 Lesser Beckoning         Tloc           #.........   100%        3    ####...
 Mephitic Cloud           Conj/Pois/Air  #.......     100%        3    ####...
 Portal Projectile        Hex/Tloc       #.....       100%        3    ####...
 Recall                   Summ/Tloc      N/A          100%        3    ####...
 Regeneration             Chrm/Necr      #.........   100%        3    ####...
 Spider Form              Tmut/Pois      #.........   100%        3    ####...
 Static Discharge         Conj/Air       #.......     100%        3    ####...
 Stone Arrow              Conj/Erth      #.....       100%        3    ####...
 Summon Guardian Golem    Hex/Summ       #.......     100%        3    ####...
 Teleport Other           Tloc           #.......     100%        3    ####...
 Tukima's Dance           Hex            #.......     100%        3    ####...
 Vampiric Draining        Necr           #.........   100%        3    ####...
 Airstrike                Air            #.........   100%        4    #####..
 Animate Dead             Necr           N/A          100%        4    #####..
 Cause Fear               Hex            #.........   100%        4    #####..
 Force Lance              Conj/Tloc      #.......     100%        4    #####..
 Ice Form                 Ice/Tmut       #.......     100%        4    #####..
 Leda's Liquefaction      Hex/Erth       #.........   100%        4    #####..
 Olgreb's Toxic Radiance  Pois           #.......     100%        4    #####..
 Passage of Golubria      Tloc           N/A          100%        4    #####..
 Petrify                  Tmut/Erth      #.......     100%        4    #####..
 Sticky Flame             Conj/Fire      #.......     100%        4    #####..
 Summon Ice Beast         Ice/Summ       #.......     100%        4    #####..
 Summon Lightning Spire   Summ/Air       #.......     100%        4    #####..
 Alistair's Intoxication  Tmut/Pois      #.......     100%        5    ######.
 Aura of Abjuration       Summ           #.........   100%        5    ######.
 Blade Hands              Tmut           #.........   100%        5    ######.
 Bolt of Draining         Conj/Necr      #.........   100%        5    ######.
 Bolt of Magma            Conj/Fire/Erth #.........   100%        5    ######.
 Borgnjor's Vile Clutch   Necr/Erth      #.........   100%        5    ######.
 Dispel Undead            Necr           #.......     100%        5    ######.
 Fireball                 Conj/Fire      #.........   100%        5    ######.
 Iskenderun's Battlesphe  Conj/Chrm      #.......     100%        5    ######.
 Lee's Rapid Deconstruct  Erth           #.........   100%        5    ######.
 Lightning Bolt           Conj/Air       #.........   100%        5    ######.
 Metabolic Englaciation   Hex/Ice        #.........   100%        5    ######.
 Silence                  Hex/Air        #.........   100%        5    ######.
 Summon Demon             Summ           #.........   100%        5    ######.
 Summon Forest            Summ/Tloc      #.........   100%        5    ######.
 Summon Mana Viper        Hex/Summ       #.......     100%        5    ######.
 Venom Bolt               Conj/Pois      #.........   100%        5    ######.
 Yara's Violent Unravell  Hex/Tmut       #.........   100%        5    ######.
 Bolt of Fire             Conj/Fire      #.........   100%        6    #######
 Conjure Ball Lightning   Conj/Air       #.........   100%        6    #######
 Darkness                 Hex            #.........   100%        6    #######
 Deflect Missiles         Chrm/Air       #.........   100%        6    #######
 Dispersal                Tloc           #.........   100%        6    #######
 Freezing Cloud           Conj/Ice/Air   #.........   100%        6    #######
 Hydra Form               Tmut           #.........   100%        6    #######
 Invisibility             Hex            #.......     100%        6    #######
 Iron Shot                Conj/Erth      #.........   100%        6    #######
 Shadow Creatures         Summ           N/A          100%        6    #######
 Dragon Form              Tmut           #.........   100%        7    #######
 Orb of Destruction       Conj           #.........   100%        7    #######
 Ring of Flames           Chrm/Fire      #.........   100%        7    #######
 Spellforged Servitor     Conj/Summ      #.........   100%        7    #######
 Summon Hydra             Summ           #.........   100%        7    #######
 Controlled Blink         Tloc           N/A          100%        8    #######
 Discord                  Hex            #.........   100%        8    #######
 Disjunction              Tloc           #.........   100%        8    #######
 Ignition                 Fire           #.........   100%        8    #######
 Dragon's Call            Summ           #.........   100%        9    #######


Dungeon Overview and Level Annotations

Branches:
Dungeon (15/15)            Temple (1/1) D:5            Lair (6/6) D:10
  Swamp (4/4) Lair:3       Spider (4/4) Lair:2        Slime (5/5) Lair:6
    Orc (2/2) D:9             Elf (3/3) Orc:2        Vaults (5/5) D:14
  Crypt (3/3) Vaults:2       Tomb (2/3) Crypt:3      Depths (5/5) D:15
   Hell (1/1)                 Dis (0/7) Hell            Geh (0/7) Hell
    Tar (0/7) Hell            Zot (5/5) Depths:5
    Coc: Hell:1

Altars:
Ashenzari
Cheibriados
Dithmenos
Elyvilon
Fedhas
Gozag
Hepliaklqana
Kikubaaqudgha
Makhleb
Nemelex Xobeh
Okawaru
Qazlal
Ru
Sif Muna
Trog
Uskayaw
Vehumet
Wu Jian
Xom
Yredelemnul
Zin
The Shining One
Beogh
Jiyva

Shops:
D:6 =   D:9 ?   Orc:2 !(:%   Elf:1 :(%(   Vaults:5 :*

Portals:
Hell: Depths:1 Depths:2 Depths:3 Depths:4 Depths:5
Abyss: Depths:3 Depths:4 Depths:5
Pandemonium: Depths:2 Depths:3
Ziggurat: Depths:4

Annotations:
D:3 3 runed translucent doors, kae's ghost, amateur TeFE
D:4 Natasha
D:14 2 transporters
Lair:2 exclusion: 4 oklob plants
Swamp:1 exclusion: Roxanne, Roxanne
Elf:1 exclusion: orange crystal statue
Vaults:4 3 runed translucent doors, Alterion's ghost, veteran GnSk
Depths:2 exclusion: orange crystal statue
Depths:5 Sojobo
Hell exclusion: 2 ice statues
Zot:5 2 transporters, Killmatronix's ghost, legendary DDWn


Innate Abilities, Weirdness & Mutations

You reflexively headbutt those who attack you in melee.
You have a pair of horns on your head.
You are partially covered in yellow scales. (AC +2)
You are clumsy. (Dex -2)
You are dopey. (Int -2)
Your flesh is heat resistant. (rF+)
You passively map a small area around you.


Message History

Something smites you!
* * * LOW HITPOINT WARNING * * *
Okay, then.
Okay, then.
Blink to where?
Press: ? - help, Dir - move target cursor You can't see that place.
You cannot see that place.
Okay, then.
Blink to where?
Press: ? - help, Dir - move target cursor You are lightly contaminated with residual magic.
As you read the scroll of blinking, it crumbles to dust. 2 greater mummies come into view.
You feel sick.
The greater mummy casts a spell.
You block the greater mummy's attack. The greater mummy casts a spell at you.
Something smites you!
You die...

,
####*
* * ,
#...,,
, ,
#.^^,
, ,
#..# *
**
#####
*#..#,
, ,
.....
*#MM#
,
....8
,
*#.@#,
,
.....
, ,
#..# ,
* ####
, ,
#.^# ,
, , ,
# #M.#
* , #
, #..#
, , ,
# ,
#.3#,
*, * *
#
*#M.#
, ,
,,# ,
*#4.#
, 8 #
,
#^.#,,
* #


You could see 4 greater mummies, a sun demon and an ice devil.

Vanquished Creatures
  the Royal Jelly (Slime:5)
  Dissolution (Slime:4)
  An ancient lich (Crypt:3)
  3 orbs of fire
  2 juggernauts (Depths:4)
  6 greater mummies
  Bai Suzhen (Swamp:3)
  2 Killer Klowns
  2 curse toes (Zot:3)
  Geryon (Hell)
  8 golden dragons
  Nikola (Spider:3)
  5 bone dragons
  A Tzitzimitl (Depths:3)
  Arachne (Spider:2)
  Jorgrun (Spider:3)
  A hellephant (Depths:1)
  2 electric golems (Zot:3)
  26 tentacled monstrosities
  2 Ice Fiends (IceCv)
  7 Orb Guardians (Zot:5)
  5 liches
  A deep elf master archer (Elf:3)
  4 titans
  32 acid blobs
  2 deep elf blademasters (Elf:3)
  5 quicksilver dragons
  7 ancient champions
  A kraken (Abyss:3)
  9 death cobs
  A sphinx (shapeshifter) (Depths:3)
  8 tengu reavers
  3 thorn hunters (Swamp:4)
  7 sphinxes
  3 tentacled starspawn (Abyss:3)
  8 shadow dragons
  2 revenants
  18 storm dragons
  10 azure jellies
  6 draconian monks
  12 frost giants
  8 fire giants
  An iron dragon (Vaults:4)
  2 orc warlords
  4 ghost moths
  7 draconian knights
  Louise (Depths:3)
  A caustic shrike zombie (Depths:4)
  3 balrugs
  8 draconian shifters
  11 deep elf sorcerers
  11 vault wardens
  7 draconian scorchers
  Aizul (Spider:4)
  7 emperor scorpions (Spider:4)
  A curse skull (Crypt:2)
  19 ironheart preservers
  10 draconian stormcallers
  10 ghouls
  8 deep elf elementalists
  2 spriggan defenders
  21 very ugly things
  18 stone giants
  4 draconian annihilators
  A juggernaut skeleton (Depths:4)
  9 vampire knights
  6 war gargoyles
  2 entropy weavers (Spider:4)
  9 black draconians
  A lorocyproca (Hell)
  13 deep elf annihilators
  4 bennus
  15 deep elf demonologists
  15 white draconians
  10 green draconians
  16 purple draconians
  3 spark wasps
  5 deep elf death magi
  6 dire elephants (Lair:6)
  4 blizzard demons
  12 yellow draconians
  2 eidola (Crypt:2)
  12 red draconians
  A merfolk javelineer (Depths:5)
  6 ettins
  12 fire dragons
  9 death oozes
  A fire dragon (shapeshifter) (Vaults:4)
  13 mummy priests
  6 deep elf high priests
  9 crystal guardians
  A quicksilver dragon skeleton (Crypt:3)
  Josephine (D:14)
  13 great orbs of eyes
  11 yaktaur captains
  7 jiangshi
  A hell beast (Depths:1)
  9 rakshasas
  27 vault guards
  10 ice dragons
  3 ghost crabs
  27 hydras
  6 shambling mangroves
  8 centaur warriors
  A juggernaut simulacrum (Depths:4)
  12 ogre magi
  3 spriggan air magi
  A catoblepas (D:15)
  37 dancing weapons
  9 alligators
  10 deep troll earth magi
  8 vampire magi
  5 deep troll shamans
  An anaconda (Lair:6)
  45 death scarabs
  9 death yaks
  2 death knights
  10 hell hogs
  48 two-headed ogres
  2 tengu warriors
  Urug (Lair:3)
  8 thrashing horrors
  4 spriggan berserkers
  7 sun demons
  2 titan zombies (Crypt:3)
  2 storm dragon zombies (Depths:4)
  12 large abominations
  12 hell knights
  3 wretched stars
  7 soul eaters
  4 shadow wraiths
  30 deep elf knights
  A fire crab (Abyss:3)
  44 skeletal warriors
  2 storm dragon skeletons
  3 iron trolls
  A sixfirhy (Abyss:3)
  2 unseen horrors
  A glowing orange brain (shapeshifter) (Depths:3)
  17 swamp dragons
  An anaconda zombie (Hell)
  3 glowing orange brains
  An entropy weaver zombie (Vaults:1)
  A kraken simulacrum (Hell)
  13 flayed ghosts
  2 spriggan druids
  A death drake (D:13)
  A lindwurm (shapeshifter) (Vaults:4)
  32 deep trolls
  2 shadow dragon zombies (Tomb:1)
  An anaconda skeleton (Hell)
  3 shadow demons (Depths:3)
  8 phantasmal warriors
  2 golden dragon skeletons
  2 lindwurms (Lair:5)
  18 deep elf archers
  An orb spider (shapeshifter) (Vaults:4)
  12 ironbrand convokers
  A sphinx zombie (Depths:4)
  12 necromancers
  11 orc knights
  16 orb spiders
  2 fire giant zombies (Hell)
  3 wizards
  10 orc sorcerers
  2 iron dragon zombies
  32 ugly things
  A shadow dragon skeleton (Crypt:3)
  7 stone giant zombies
  77 deep elf magi
  28 wolf spiders
  4 cyclopes
  2 manticores
  5 shining eyes
  A stone giant skeleton (Crypt:1)
  A worldbinder (Abyss:3)
  A fire giant skeleton (Crypt:3)
  25 moths of wrath
  12 elephants
  4 black mambas
  A frost giant skeleton (Depths:4)
  2 rust devils
  An elephant (shapeshifter) (Depths:1)
  An apocalypse crab (Abyss:3)
  4 eyes of devastation
  A molten gargoyle (Hell)
  A naga mage (D:15)
  A guardian serpent (shapeshifter) (Vaults:2)
  A torpor snail (shapeshifter) (Depths:4)
  2 torpor snails
  20 spiny frogs
  A titan simulacrum (Tomb:1)
  9 vault sentinels
  3 spriggan skeletons
  A gargoyle (D:11)
  A spiny frog (shapeshifter) (Elf:2)
  A yaktaur zombie (Hell)
  2 orange demons (Hell)
  5 komodo dragons
  3 smoke demons
  A komodo dragon (shapeshifter) (Vaults:5)
  16 ice devils
  25 yaktaurs
  A spark wasp simulacrum (Depths:4)
  3 rime drakes
  15 demonic crawlers
  An emperor scorpion zombie (Crypt:3)
  An anaconda simulacrum (Hell)
  A tengu conjurer (Depths:3)
  2 hydra zombies
  8 freezing wraiths
  4 red devils
  A redback zombie (Crypt:2)
  A harpy zombie (Crypt:2)
  30 jumping spiders
  2 ancient zymes
  6 trolls
  15 guardian mummies
  24 tyrant leeches
  3 polar bears
  2 queen bees
  178 slime creatures
  A polar bear (shapeshifter) (Vaults:1)
  Prince Ribbit (Lair:3)
  A fire dragon zombie (Hell)
  A slime creature (shapeshifter) (Vaults:1)
  10 bog bodies
  A human simulacrum (Vaults:1)
  A jumping spider (shapeshifter) (Depths:1)
  A hydra skeleton (Hell)
  11 raiju
  2 ettin zombies
  14 hippogriffs
  13 blink frogs
  2 deep troll zombies (Hell)
  19 hornets
  A hippogriff (shapeshifter) (Vaults:4)
  A snapping turtle (shapeshifter) (Vaults:4)
  A satyr zombie (Crypt:2)
  40 flying skulls
  A redback (shapeshifter) (Depths:2)
  5 ynoxinuls
  10 shadows
  10 water elementals
  An air elemental (Elf:2)
  28 tarantellas
  11 wraiths
  7 wyverns
  11 spriggans
  11 fire elementals
  57 yaks
  2 alligator skeletons (Hell)
  An ettin skeleton (Crypt:3)
  70 redbacks
  A spriggan (shapeshifter) (Elf:2)
  4 fire bats (Abyss:3)
  4 basilisks
  16 golden eyes
  A golden eye (shapeshifter) (Vaults:4)
  A wyvern (shapeshifter) (Depths:1)
  3 ushabtiu
  11 small abominations
  23 vampire mosquitoes
  A chaos spawn (Abyss:3)
  7 hungry ghosts
  2 neqoxecs
  A yaktaur simulacrum (Vaults:2)
  A basilisk (shapeshifter) (Vaults:4)
  11 wargs
  An infernal demonspawn zombie (Crypt:1)
  7 insubstantial wisps
  A steam dragon (Lair:2)
  Edmund (D:6)
  2 two-headed ogre zombies
  A spiny frog zombie (Hell)
  A swamp worm (shapeshifter) (Vaults:5)
  2 acid dragons
  17 swamp worms
  2 floating eyes
  A merfolk skeleton (Crypt:3)
  A floating eye (shapeshifter) (Depths:3)
  3 hell hounds (Hell)
  17 water moccasins
  5 black bears
  18 swamp drakes
  5 porcupines
  46 orc warriors
  A gelid demonspawn skeleton (Crypt:1)
  7 eyes of draining
  2 sky beasts
  4 necrophages
  An eye of draining (shapeshifter) (Vaults:4)
  3 ice beasts
  2 elf zombies (Vaults:1)
  A fire dragon simulacrum (Depths:1)
  29 ogres
  3 phantoms
  11 boggarts
  A tengu (shapeshifter) (Vaults:5)
  17 centaurs
  13 wolves
  13 crocodiles
  A hog zombie (Crypt:2)
  2 big kobolds
  Blork the orc (D:5)
  13 bullfrogs
  An earth elemental (Abyss:3)
  4 scorpions
  2 troll zombies (D:9)
  2 water moccasin skeletons
  72 killer bees
  A killer bee (shapeshifter) (Depths:3)
  5 howler monkeys
  A vampire bat (Lair:1)
  18 wights
  A yak skeleton (Crypt:2)
  6 electric eels
  6 crimson imps
  A bullfrog zombie (Crypt:2)
  2 centaur zombies
  6 hounds
  13 starcursed masses
  2 human zombies (D:12)
  12 orc priests
  A quasit (Abyss:2)
  3 bullfrog skeletons
  3 human skeletons
  An iron imp (Abyss:2)
  5 jellies
  50 orc wizards
  3 centaur skeletons
  4 iguanas
  5 hell rats (Lair:6)
  10 worker ants
  A sky beast zombie (Crypt:2)
  A dwarf zombie (Crypt:1)
  6 ogre zombies
  A dwarf skeleton (Crypt:2)
  A big kobold skeleton (Crypt:1)
  2 hound skeletons
  23 mummies
  A worker ant zombie (D:8)
  A howler monkey skeleton (D:4)
  4 gnolls (D:4)
  8 adders
  A river rat (Lair:2)
  3 shadow imps
  8 white imps
  8 ufetubi
  3 oozes
  A halfling zombie (Crypt:1)
  2 adder skeletons
  A halfling skeleton (Crypt:1)
  2 worms
  3 dart slugs
  9 leopard geckos
  140 orcs
  2 giant cockroaches (D:2)
  15 goblins
  9 hobgoblins
  11 jackals
  24 kobolds
  7 quokkas
  A ball python skeleton (Crypt:2)
  16 bats
  5 frilled lizards
  A goblin skeleton (D:9)
  A goblin zombie (D:9)
  3 hobgoblin skeletons (D:9)
  2 hobgoblin zombies (D:9)
  A jackal skeleton (D:6)
  A leopard gecko skeleton (D:4)
  An orc skeleton (D:9)
  18 orc zombies
  A quokka skeleton (D:4)
  7 rats
  3 plants
  4 tentacles (Abyss:3)
3130 creatures vanquished.

Vanquished Creatures (others)
  A deep elf master archer (Elf:3)
  2 stone giants
  An entropy weaver (Spider:3)
  4 yaktaur captains
  2 deep elf archers
  An ironbrand convoker (Vaults:2)
  2 deep elf magi (Elf:3)
  A cyclops (Vaults:2)
  A vault sentinel (Vaults:5)
  A torpor snail (Spider:3)
  7 yaktaurs
  3 water elementals
  An acid dragon (Vaults:1)
  A sky beast (D:10)
  2 boggarts
  4 centaurs (Depths:2)
  A killer bee (Lair:2)
  An orc priest (Orc:2)
  5 white imps (IceCv)
  2 ufetubi
  4 orcs
  A briar patch (Swamp:4)
  11 fungi
  2 lurking horrors
  29 plants
  2 starspawn tentacles (Abyss:3)
  23 tentacles
  9 toadstools (Lair:5)
124 creatures vanquished.

Grand Total: 3254 creatures vanquished

Notes
Turn   | Place    | Note
-------+----------+-------------------------------------------
     0 | D:1      | Deadponey the Minotaur Fighter began the quest for the Orb.
     0 | D:1      | Reached XP level 1. HP: 19/19 MP: 0/0
    70 | D:1      | Reached XP level 2. HP: 24/27 MP: 1/1
   326 | D:1      | Reached XP level 3. HP: 25/33 MP: 2/2
  1118 | D:2      | Reached XP level 4. HP: 39/40 MP: 3/3
  1843 | D:3      | Found a stormy altar of Qazlal.
  1845 | D:3      | Noticed a water elemental
  1845 | D:3      | Noticed a fire elemental
  1846 | D:3      | Noticed an earth elemental
  1846 | D:3      | Noticed an air elemental
  1885 | D:3      | Found a runed translucent gate.
  1885 | D:3      | Found a runed translucent gate.
  1914 | D:3      | Reached XP level 5. HP: 40/46 MP: 4/4
  1927 | D:3      | Reached skill level 5 in Shields
  1971 | D:3      | Found a runed translucent gate.
  1971 | D:3      | Noticed kae's ghost (amateur TeFE)
  2411 | D:4      | Reached skill level 5 in Long Blades
  2411 | D:4      | Reached XP level 6. HP: 39/53 MP: 5/5
  2623 | D:4      | Reached skill level 5 in Armour
  2735 | D:4      | Noticed Natasha
  3253 | D:5      | Entered Level 5 of the Dungeon
  3256 | D:5      | Got a pair of transparent boots
  3267 | D:5      | Identified the cursed +0 pair of boots "Tauq" {rF+} (You
                  | found it on level 5 of the Dungeon)
  3403 | D:5      | Reached XP level 7. HP: 56/60 MP: 6/6
  3410 | D:5      | Reached skill level 5 in Fighting
  3451 | D:5      | Found a staircase to the Ecumenical Temple.
  3474 | Temple   | Entered the Ecumenical Temple
  3595 | Temple   | Became a worshipper of Warmaster Okawaru
  3625 | D:5      | Noticed Blork the orc
  3663 | D:5      | Killed Blork the orc
  4043 | D:5      | Found an ancient bone altar of Kikubaaqudgha.
  4069 | D:5      | Found a radiant altar of Vehumet.
  4371 | D:5      | Found a sacrificial altar of Ru.
  4535 | D:5      | Gained mutation: You are clumsy. (Dex -2) [potion of
                  | mutation]
  4535 | D:5      | Gained mutation: You are partially covered in yellow
                  | scales. (AC +2) [potion of mutation]
  4535 | D:5      | Gained mutation: You passively map a small area around you.
                  | [potion of mutation]
  4535 | D:5      | Gained mutation: You expend magic power (3 MP) to
                  | strengthen your wands. [potion of mutation]
  4652 | D:6      | Reached * piety under Okawaru
  4652 | D:6      | Reached XP level 8. HP: 68/68 MP: 7/7
  4848 | D:6      | Noticed Edmund
  4872 | D:6      | Killed Edmund
  4992 | D:6      | Found Avvoze's Jewellery Shop.
  5066 | D:6      | Found a glowing silver altar of Zin.
  5977 | D:8      | Reached ** piety under Okawaru
  5983 | D:8      | Reached XP level 9. HP: 68/77 MP: 8/8
  6335 | D:8      | Found a flagged portal.
  6350 | Bailey   | Entered a bailey
  6355 | Bailey   | Noticed an orc warlord
  6411 | Bailey   | Reached skill level 10 in Long Blades
  6419 | Bailey   | Reached *** piety under Okawaru
  6442 | Bailey   | Found a runed translucent gate.
  6444 | Bailey   | Found a runed translucent gate.
  6446 | Bailey   | Found a runed translucent gate.
  6624 | Bailey   | Killed an orc warlord
  6624 | Bailey   | Reached **** piety under Okawaru
  6624 | Bailey   | Reached skill level 10 in Shields
  6624 | Bailey   | Reached XP level 10. HP: 66/86 MP: 1/9
  6687 | Bailey   | Reached XP level 11. HP: 90/95 MP: 9/12
  6689 | Bailey   | Identified a scroll of acquirement
  6692 | Bailey   | Got a flickering iron amulet
  6694 | Bailey   | Identified the amulet "Ykhlemeul" {Faith Str-3 Dex+7
                  | Slay+3} (You acquired it in a bailey)
  7040 | D:9      | You fall through a shaft!
  7040 | D:10     | Entered Level 10 of the Dungeon
  7133 | D:10     | Noticed a death yak
  7532 | D:9      | Found a staircase to the Orcish Mines.
  8011 | D:9      | Found a basalt altar of Yredelemnul.
  8069 | Orc:1    | Entered Level 1 of the Orcish Mines
  8448 | D:9      | Received a gift from Okawaru
  8726 | D:9      | HP: 3/99 [acid (11)]
  8732 | D:9      | HP: 1/99 [acid (14)]
  9484 | D:9      | Found Ugeptoru's Magic Scroll Boutique.
  9487 | D:9      | Bought a scroll of silence for 120 gold pieces
  9986 | D:9      | Reached ***** piety under Okawaru
 10161 | D:10     | Found a staircase to the Lair.
 10184 | D:10     | Received a gift from Okawaru
 10185 | D:10     | Noticed a death yak
 10194 | D:10     | Noticed a death yak
 10199 | D:10     | Killed a death yak
 10199 | D:10     | Reached skill level 10 in Fighting
 10199 | D:10     | Reached skill level 10 in Armour
 10199 | D:10     | Reached XP level 12. HP: 55/106 MP: 10/13
 10236 | D:9      | Killed a death yak
 10236 | D:9      | Received a gift from Okawaru
 10600 | D:9      | Killed a death yak
 11090 | D:10     | Received a gift from Okawaru
 11882 | D:11     | Received a gift from Okawaru
 12018 | D:11     | Noticed a two-headed ogre
 12026 | D:11     | Killed a two-headed ogre
 12865 | D:12     | Noticed a six-headed hydra
 12877 | D:12     | Killed a six-headed hydra
 13240 | D:12     | Found a basalt altar of Yredelemnul.
 13247 | D:12     | Reached ****** piety under Okawaru
 13562 | D:12     | Received a gift from Okawaru
 13565 | D:12     | Got a faintly glowing ring mail {god gift}
 13576 | D:12     | Identified the +1 ring mail of Understanding {SInv}
                  | (Okawaru gifted it to you on level 12 of the Dungeon)
 13663 | D:13     | Noticed a centaur warrior
 13679 | D:13     | Killed a centaur warrior
 13710 | D:13     | Reached XP level 13. HP: 96/116 MP: 14/14
 14219 | D:13     | Noticed Snorg
 14239 | D:13     | Noticed Snorg
 14239 | D:13     | Snorg changed into Snorg the death drake
 14249 | D:13     | HP: 5/117 [poisoned by Snorg (dark miasma)]
 14566 | D:14     | Found a transporter.
 14650 | D:14     | Noticed Josephine
 14670 | D:14     | Killed Josephine
 14678 | D:14     | Reached skill level 15 in Long Blades
 14717 | D:14     | Found a gate to the Vaults.
 15414 | D:14     | Found a transporter.
 15589 | D:9      | Found a staircase to the Orcish Mines.
 15659 | D:9      | Found a basalt altar of Yredelemnul.
 15766 | D:9      | Found Ugeptoru's Magic Scroll Boutique.
 16224 | Lair:1   | Entered Level 1 of the Lair of Beasts
 16287 | Lair:1   | Reached skill level 1 in Crossbows
 16600 | Lair:1   | Found a glowing golden altar of the Shining One.
 16860 | Lair:1   | Received a gift from Okawaru
 17505 | Lair:2   | Reached skill level 15 in Shields
 18009 | Lair:2   | Reached XP level 14. HP: 120/127 MP: 15/15
 18541 | Lair:2   | Reached skill level 5 in Crossbows
 18568 | Lair:2   | Found a hole to the Spider Nest.
 18911 | Spider:1 | Entered Level 1 of the Spider Nest
 19348 | Spider:1 | Noticed an entropy weaver
 20051 | Lair:3   | Noticed Prince Ribbit
 20058 | Lair:3   | Killed Prince Ribbit
 20058 | Lair:3   | Received a gift from Okawaru
 20530 | Lair:3   | Found a staircase to the Swamp.
 20654 | Lair:3   | Noticed Urug
 20669 | Lair:3   | Killed Urug
 21989 | Lair:5   | Found a runed translucent door.
 22196 | Lair:5   | Reached skill level 5 in Invocations
 22224 | Lair:5   | Got a twisted shortbow
 22233 | Lair:5   | Identified the cursed +1 shortbow of Undoing {freeze,
                  | *Corrode +Inv +Fly rPois} (You found it on level 5 of the
                  | Lair of Beasts)
 22834 | Lair:6   | Entered Level 6 of the Lair of Beasts
 22868 | Lair:6   | Received a gift from Okawaru
 22925 | Lair:6   | Received a gift from Okawaru
 23247 | Lair:6   | Found a viscous altar of Jiyva.
 23247 | Lair:6   | Found a staircase to the Slime Pits.
 23354 | Lair:6   | Reached XP level 15. HP: 130/139 MP: 18/18
 23638 | Lair:6   | Got a bloodstained double sword
 23639 | Lair:6   | Identified the +9 double sword of Valour {slice, rF+} (You
                  | acquired it on level 6 of the Lair of Beasts)
 23981 | Lair:6   | Reached skill level 15 in Fighting
 23981 | Lair:6   | Reached XP level 16. HP: 149/149 MP: 19/19
 24038 | Lair:6   | Found the +6 lightning scales {run, rElec}
 24391 | Slime:1  | Entered Level 1 of the Pits of Slime
 24545 | Slime:1  | Noticed an acid blob
 24963 | Slime:1  | Noticed an acid blob
 24988 | Lair:6   | Reached skill level 10 in Crossbows
 25149 | Lair:6   | Received a gift from Okawaru
 25155 | Slime:1  | Noticed an acid blob
 26326 | D:13     | Killed Snorg the death drake
 26465 | Orc:1    | Received a gift from Okawaru
 26810 | Orc:2    | Entered Level 2 of the Orcish Mines
 26810 | Orc:2    | Found a staircase to the Elven Halls.
 27123 | Orc:2    | Found a roughly hewn altar of Beogh.
 27124 | Orc:2    | Paralysed by an orc sorcerer for 6 turns
 27291 | Orc:2    | Found Xahanekloo's Book Shoppe.
 27291 | Orc:2    | Found Xeneicor's Food Boutique.
 27416 | Orc:2    | Found Eckotwou's Distillery.
 27416 | Orc:2    | Found Veoduirph's Weapon Boutique.
 27472 | Orc:2    | Bought a potion of haste for 160 gold pieces
 27472 | Orc:2    | Bought a potion of curing for 48 gold pieces
 27472 | Orc:2    | Bought a potion of curing for 48 gold pieces
 27472 | Orc:2    | Bought a potion of heal wounds for 80 gold pieces
 27472 | Orc:2    | Bought a potion of curing for 48 gold pieces
 27837 | Orc:2    | Found a roughly hewn altar of Beogh.
 28002 | Elf:1    | Entered Level 1 of the Elven Halls
 28183 | Elf:1    | Received a gift from Okawaru
 28215 | Elf:1    | Got an ancient ring mail {god gift}
 28300 | Orc:2    | Identified the +1 ring mail "Yryewuj" {rF++} (Okawaru
                  | gifted it to you on level 1 of the Elven Halls)
 28605 | Elf:1    | Reached XP level 17. HP: 159/159 MP: 20/20
 28641 | Elf:1    | Found Qint's Weapon Boutique.
 28643 | Elf:1    | Found Ubluiv's Antique Weapon Shop.
 28643 | Elf:1    | Found Xiuhyif's Book Boutique.
 28646 | Elf:1    | Found Buxuciec's Food Shop.
 29264 | Elf:1    | Identified Sif Muna's Catalogue of the Neverending Shrikes
 29706 | Elf:2    | Received a gift from Okawaru
 30040 | Elf:2    | Found a huge runed translucent gate.
 30040 | Elf:2    | Found a huge runed translucent gate.
 30040 | Elf:2    | Found a huge runed translucent gate.
 30362 | Elf:2    | Found a huge runed translucent gate.
 30362 | Elf:2    | Found a huge runed translucent gate.
 30574 | Elf:2    | Received a gift from Okawaru
 30599 | Elf:2    | Received a gift from Okawaru
 30623 | Elf:2    | Received a gift from Okawaru
 31017 | Elf:3    | Entered Level 3 of the Elven Halls
 31226 | Elf:3    | Received a gift from Okawaru
 31244 | Elf:3    | Noticed a deep elf master archer
 31264 | Elf:3    | Noticed a deep elf blademaster
 31278 | Elf:3    | Killed a deep elf blademaster
 31278 | Elf:3    | Received a gift from Okawaru
 31285 | Elf:3    | Killed a deep elf master archer
 31330 | Elf:3    | Noticed a deep elf blademaster
 31344 | Elf:3    | Killed a deep elf blademaster
 31645 | Elf:2    | Reached XP level 18. HP: 165/171 MP: 21/21
 31695 | Elf:3    | Noticed a Tzitzimitl
 32112 | Elf:3    | Noticed a Tzitzimitl
 32124 | Elf:2    | Noticed an Ice Fiend
 32818 | Elf:3    | Noticed a Brimstone Fiend
 34087 | Elf:3    | Noticed a Brimstone Fiend
 34383 | Elf:3    | Noticed an Ice Fiend
 34627 | Elf:3    | Noticed a Tzitzimitl
 34905 | Elf:3    | Identified the +10 hand axe "Nemi" {drain, rN+ Int+4 Dex+4}
 35348 | Elf:3    | Received a gift from Okawaru
 35660 | Elf:3    | Got a heavily runed copper ring
 35662 | Elf:3    | Identified the ring of Betox {Fire MR+} (You found it on
                  | level 3 of the Elven Halls)
 35690 | Elf:3    | Identified the Almanac of Bewitching Evil
 35772 | Elf:3    | Identified the Almanac of Torrid Good Luck
 36260 | Elf:3    | Received a gift from Okawaru
 36931 | Swamp:1  | Entered Level 1 of the Swamp
 37156 | Swamp:1  | Received a gift from Okawaru
 37410 | Swamp:1  | Identified Roxanne's Guide on Transformation
 37410 | Swamp:1  | Noticed Roxanne
 37438 | Swamp:1  | Identified Folep's Incunabulum of Dark Weightlessness
 38308 | Swamp:2  | Found a frozen archway.
 38314 | Swamp:2  | Found a sparkling altar of Nemelex Xobeh.
 38338 | IceCv    | Entered an ice cave
 38546 | IceCv    | Reached XP level 19. HP: 181/181 MP: 22/22
 39594 | Swamp:3  | Received a gift from Okawaru
 39661 | Swamp:3  | Found a glowing golden altar of the Shining One.
 39924 | Swamp:3  | Noticed Bai Suzhen
 39955 | Swamp:3  | Killed Bai Suzhen
 40419 | Swamp:4  | Entered Level 4 of the Swamp
 40543 | Swamp:4  | Received a gift from Okawaru
 41062 | Swamp:4  | Received a gift from Okawaru
 41421 | Swamp:4  | Received a gift from Okawaru
 41855 | Swamp:4  | Got a slimy plate armour {god gift}
 42105 | Swamp:4  | Identified the +1 plate armour "Apaergh" {rElec MR+ Int-5}
                  | (Okawaru gifted it to you on level 4 of the Swamp)
 42105 | Swamp:4  | Lost intelligence.
 42125 | Swamp:4  | Got a decaying rune of Zot
 42550 | D:6      | Bought the ring "Zasuf" {SInv Stlth-} for 261 gold pieces
 44177 | Spider:3 | Noticed Nikola
 44186 | Spider:2 | Received a gift from Okawaru
 44380 | Spider:3 | Noticed Arachne
 44398 | Spider:2 | Killed Arachne
 44398 | Spider:2 | Received a gift from Okawaru
 44405 | Spider:2 | Got a twisted falchion {god gift}
 44406 | Spider:2 | Identified the +1 falchion of Hagus {speed, Int+8 Dex-2
                  | SInv Stlth-} (Okawaru gifted it to you on level 2 of the
                  | Spider Nest)
 44712 | Spider:3 | Killed Nikola
 44720 | Spider:3 | Reached XP level 20. HP: 192/192 MP: 24/24
 45107 | Spider:3 | Noticed Jorgrun
 45128 | Spider:3 | Killed Jorgrun
 45464 | Spider:4 | Entered Level 4 of the Spider Nest
 45764 | Spider:4 | Noticed Aizul
 45791 | Spider:4 | Killed Aizul
 45791 | Spider:4 | Received a gift from Okawaru
 46033 | Spider:4 | Received a gift from Okawaru
 46218 | Spider:4 | Received a gift from Okawaru
 46427 | Spider:4 | Got a gossamer rune of Zot
 47559 | D:15     | Entered Level 15 of the Dungeon
 47733 | D:15     | Reached skill level 15 in Armour
 48016 | D:15     | Received a gift from Okawaru
 48148 | D:15     | Paralysed by an orc sorcerer for 2 turns
 48154 | D:15     | Paralysed by an orc sorcerer for 5 turns
 48196 | D:15     | Found a staircase to the Depths.
 48490 | Depths:1 | Entered Level 1 of the Depths
 49676 | Depths:1 | Found a gateway to Hell.
 49681 | Depths:1 | Reached XP level 21. HP: 204/204 MP: 25/25
 50420 | Depths:2 | Received a gift from Okawaru
 50690 | Depths:2 | Reached skill level 15 in Crossbows
 50867 | Depths:2 | You fall through a shaft!
 50868 | Depths:3 | Noticed Louise
 50869 | Depths:3 | Found a one-way gate to the infinite horrors of the Abyss.
 50893 | Depths:3 | Killed Louise
 51355 | Depths:3 | Paralysed by a floating eye for 2 turns
 51372 | Depths:3 | Received a gift from Okawaru
 51735 | Depths:3 | Paralysed by a floating eye for 2 turns
 52027 | Depths:3 | Found a one-way gate leading to the halls of Pandemonium.
 52029 | Depths:3 | Found the +2 pair of boots of the Assassin {Detection Stab+
                  | Stlth++}
 52029 | Depths:3 | Identified the +6 shadow dragon scales of Hiselyeth {rElec
                  | Int+4 Stlth++++}
 53372 | Depths:3 | Found a shadowy altar of Dithmenos.
 53498 | Depths:3 | Received a gift from Okawaru
 54403 | Depths:4 | Received a gift from Okawaru
 54784 | Depths:4 | Found a gateway to a ziggurat.
 55044 | Depths:4 | Noticed a juggernaut
 55058 | Depths:4 | Killed a juggernaut
 55058 | Depths:4 | Reached XP level 22. HP: 138/217 MP: 26/26
 55072 | Depths:4 | Received a gift from Okawaru
 55398 | Depths:4 | Received a gift from Okawaru
 55441 | Depths:4 | Noticed a juggernaut
 55452 | Depths:4 | Killed a juggernaut
 55511 | Depths:4 | Identified the ring "Iloptull" {rF+ Int+4 Dex+3 Stlth-}
 55564 | Depths:4 | Noticed a golden dragon
 55578 | Depths:4 | Killed a golden dragon
 55727 | Depths:4 | Got a pair of faintly glowing boots
 55738 | Depths:4 | Identified the -1 pair of boots "Peyghov" {-Tele rF++
                  | rN+++} (You acquired it on level 4 of the Depths)
 55951 | Depths:4 | Received a gift from Okawaru
 55989 | Depths:4 | Received a gift from Okawaru
 56682 | Depths:5 | Entered Level 5 of the Depths
 57050 | Depths:5 | Received a gift from Okawaru
 57284 | Depths:5 | Received a gift from Okawaru
 57850 | Depths:5 | Found a gate to the Realm of Zot.
 57859 | Depths:5 | Reached XP level 23. HP: 161/229 MP: 27/27
 58321 | Depths:5 | Noticed Sojobo
 59228 | Vaults:1 | Entered Level 1 of the Vaults
 60600 | Vaults:1 | Found the +6 arbalest "Damnation" {damnation}
 60635 | Vaults:1 | Got a crystal arbalest
 60642 | Vaults:1 | Identified the cursed +3 arbalest "Impbane" {penet, Str+5}
                  | (You found it on level 1 of the Vaults)
 60802 | Vaults:1 | Received a gift from Okawaru
 62824 | Vaults:2 | Found a staircase to the Crypt.
 62963 | Vaults:3 | Received a gift from Okawaru
 63558 | Vaults:3 | Reached XP level 24. HP: 220/245 MP: 27/27
 63969 | Vaults:3 | Received a gift from Okawaru
 64005 | Vaults:3 | Got a steaming hat
 64016 | Vaults:3 | Identified the +1 hat "Xausosew" {rPois rN+ Str+4} (You
                  | acquired it on level 3 of the Vaults)
 64265 | Vaults:4 | Found a runed translucent gate.
 64265 | Vaults:4 | Found a runed translucent gate.
 64265 | Vaults:4 | Found a runed translucent gate.
 64267 | Vaults:4 | Noticed Alterion's ghost (veteran GnSk)
 64274 | Vaults:4 | Identified the +9 short sword "Xutiuduy" {antimagic, MR+}
 65471 | Vaults:5 | Entered Level 5 of the Vaults
 65535 | Vaults:5 | Cast into level 2 of the Abyss (orc warrior)
 65672 | Abyss:2  | Paralysed by accursed screaming for 1 turns
 65913 | Abyss:2  | Found a corrupted altar of Lugonu.
 65977 | Vaults:5 | Escaped the Abyss
 66257 | Vaults:4 | Received a gift from Okawaru
 66678 | Vaults:4 | Reached skill level 27 in Fighting
 67005 | Vaults:5 | Got a shimmering falchion
 67006 | Vaults:5 | Identified the +5 falchion of the New World {pain, +Blink
                  | rElec rF- Stlth+} (You found it on level 5 of the Vaults)
 67616 | Vaults:4 | Received a gift from Okawaru
 68128 | Vaults:5 | Reached XP level 25. HP: 257/257 MP: 27/27
 68236 | Vaults:4 | Received a gift from Okawaru
 68607 | Vaults:5 | Received a gift from Okawaru
 68912 | D:9      | Bought a scroll of acquirement for 832 gold pieces
 69342 | Vaults:5 | Found Weriju's Assorted Antiques.
 69351 | Vaults:5 | Bought a potion of curing for 114 gold pieces
 69351 | Vaults:5 | Bought a scroll labeled AJECEUFYRI for 38 gold pieces
 69351 | Vaults:5 | Bought a scroll of blinking for 285 gold pieces
 69493 | Vaults:5 | Identified the Incunabulum of the Escort and Shape Shifting
 69497 | Vaults:5 | Identified the ring of Hoh Ehat {rPois rF+} (You found it
                  | on level 5 of the Vaults)
 69510 | Vaults:5 | Got a silver rune of Zot
 69700 | Vaults:5 | Found Konwidgh's Book Shoppe.
 70034 | Vaults:5 | Got an encrusted shield
 70045 | Vaults:5 | Identified the +0 shield of the Serpent {rElec rF+ rC+}
                  | (You acquired it on level 5 of the Vaults)
 70804 | Slime:1  | Found a viscous altar of Jiyva.
 71915 | Slime:3  | Gained mutation: Armour fits poorly on your strangely
                  | shaped body. [a shining eye]
 72007 | Slime:3  | Reached skill level 1 in Dodging
 72018 | Slime:3  | Received a gift from Okawaru
 72377 | Slime:5  | Entered Level 5 of the Pits of Slime
 72708 | Slime:5  | Received a gift from Okawaru
 72725 | Slime:5  | Identified the +1 great sword of Gimisat {protect, Dex+2
                  | Stlth+} (Okawaru gifted it to you on level 5 of the Pits of
                  | Slime)
 72811 | Slime:5  | Noticed the Royal Jelly
 72812 | Slime:5  | Noticed Dissolution
 74084 | Slime:4  | Killed Dissolution
 74084 | Slime:4  | Received a gift from Okawaru
 74117 | Slime:5  | Received a gift from Okawaru
 74270 | Slime:5  | Reached skill level 5 in Dodging
 74478 | Slime:5  | Killed the Royal Jelly
 74478 | Slime:5  | Reached XP level 26. HP: 254/266 MP: 24/27
 74811 | Slime:5  | Identified Kufazut's Incunabulum of Confrontation and Earth
 74875 | Slime:5  | Got a slimy rune of Zot
 75630 | Hell     | Entered the Vestibule of Hell
 75630 | Hell     | Noticed Geryon
 76088 | Hell     | Killed Geryon
 76523 | Hell     | Found a gateway to the decaying netherworld of Tartarus.
 76674 | Hell     | Found a gateway to the ashen valley of Gehenna.
 76772 | Hell     | Found a gateway to the Iron City of Dis.
 77165 | Depths:3 | Voluntarily entered the Abyss.
 77624 | Abyss:3  | Received a gift from Okawaru
 77762 | Abyss:3  | Reached skill level 27 in Shields
 77766 | Abyss:3  | Received a gift from Okawaru
 77781 | Abyss:3  | Got a brightly glowing long sword {god gift}
 77782 | Abyss:3  | Identified the +2 long sword of the Coward {slice, MP+9
                  | Dex+5} (Okawaru gifted it to you on level 3 of the Abyss)
 78000 | Abyss:3  | Gained mutation: Scrolls take you a little longer to read.
                  | [a neqoxec]
 78068 | Abyss:3  | Got an abyssal rune of Zot
 78218 | Depths:3 | Escaped the Abyss
 78582 | Depths:2 | Lost mutation: You expend magic power (3 MP) to strengthen
                  | your wands. [potion of mutation]
 78582 | Depths:2 | Lost mutation: You are clumsy. (Dex -2) [potion of
                  | mutation]
 78582 | Depths:2 | Lost mutation: Scrolls take you a little longer to read.
                  | [potion of mutation]
 78582 | Depths:2 | Gained mutation: Your flesh is heat resistant. (rF+)
                  | [potion of mutation]
 78582 | Depths:2 | Gained mutation: You possess an exceptional clarity of
                  | mind. [potion of mutation]
 78841 | Vaults:5 | Bought a manual of Long Blades for 2208 gold pieces
 79163 | Zot:1    | Entered Level 1 of the Realm of Zot
 79317 | Zot:1    | You fall through a shaft!
 79659 | Zot:1    | Received a gift from Okawaru
 79659 | Zot:1    | Reached skill level 27 in Armour
 79662 | Zot:1    | Got a pair of translucent boots {god gift}
 79673 | Zot:1    | Identified the -4 pair of boots "Opecw" {*Contam rPois rF+
                  | rC+} (Okawaru gifted it to you on level 1 of the Realm of
                  | Zot)
 80490 | Zot:2    | Noticed an orb of fire
 80504 | Zot:2    | Killed an orb of fire
 80551 | Zot:2    | Reached XP level 27. HP: 228/273 MP: 27/27
 81139 | Zot:3    | Reached skill level 10 in Dodging
 81730 | Zot:3    | Received a gift from Okawaru
 81760 | Zot:3    | Got a brightly glowing falchion {god gift}
 81765 | Zot:2    | Identified the +8 falchion "Rudasu" {freeze, rC+ SInv
                  | Stlth-} (Okawaru gifted it to you on level 3 of the Realm
                  | of Zot)
 82461 | Zot:3    | Noticed an orb of fire
 82461 | Zot:3    | Lost mutation: Armour fits poorly on your strangely shaped
                  | body. [an orb of fire]
 82471 | Zot:3    | Gained mutation: You are clumsy. (Dex -2) [an orb of fire]
 82477 | Zot:3    | Gained mutation: You are dopey. (Int -2) [an orb of fire]
 82489 | Zot:3    | Killed an orb of fire
 82489 | Zot:3    | Received a gift from Okawaru
 82548 | Zot:3    | Noticed an orb of fire
 82555 | Zot:3    | Lost mutation: You possess an exceptional clarity of mind.
                  | [an orb of fire]
 82561 | Zot:3    | Killed an orb of fire
 82933 | Zot:3    | Received a gift from Okawaru
 84386 | Zot:4    | Received a gift from Okawaru
 84481 | Zot:4    | Received a gift from Okawaru
 85472 | Zot:4    | Reached skill level 15 in Dodging
 85680 | Zot:5    | Entered Level 5 of the Realm of Zot
 85695 | Zot:5    | Identified the cursed +0 cloak "Zipnusup" {rN+ Str+2}
 85695 | Zot:5    | Identified the +7 eveningstar of Atepp {distort, rPois
                  | Str-2 Dex+3}
 85806 | Zot:5    | Identified the +1 cloak "Rorughipp" {rF- rCorr Int+4}
 85822 | Zot:5    | Found a transporter.
 85831 | Zot:5    | Noticed Killmatronix's ghost (legendary DDWn)
 85833 | Zot:5    | Found a bloodstained altar of Trog.
 85833 | Zot:5    | Identified the cursed +2 broad axe "Vonwuda" {antimagic,
                  | Int+4 Dex+4}
 85836 | Zot:5    | Identified the +5 scimitar "Dops" {antimagic, rN+ Dex+3}
 85855 | Zot:5    | Found a transporter.
 85905 | Zot:5    | Reached skill level 5 in Evocations
 87294 | Crypt:1  | Entered Level 1 of the Crypt
 87385 | Vaults:2 | Received a gift from Okawaru
 87582 | Crypt:1  | Identified the +1 crystal plate armour "Bekapod" {*Contam
                  | rElec rC- Dex+9} (You acquired it on level 1 of the Crypt)
 88221 | Crypt:2  | Received a gift from Okawaru
 89348 | Crypt:2  | Got a polished large shield
 89359 | Crypt:2  | Identified the +8 large shield of the Flute {*Contam MR++
                  | Str+4} (You acquired it on level 2 of the Crypt)
 89553 | Crypt:3  | Entered Level 3 of the Crypt
 89740 | Crypt:3  | Received a gift from Okawaru
 90014 | Crypt:3  | Received a gift from Okawaru
 90112 | Crypt:3  | Noticed an ancient lich
 90123 | Crypt:3  | Killed an ancient lich
 90126 | Crypt:3  | Found an ancient bone altar of Kikubaaqudgha.
 90351 | Crypt:3  | Found a staircase to the Tomb.
 90789 | Tomb:1   | Entered Level 1 of the Tomb of the Ancients
 91447 | Tomb:1   | Identified the ring of the Frog {rC++ MR++ EV+5 Dex+2} (You
                  | found it on level 1 of the Tomb of the Ancients)
 92107 | Tomb:1   | Noticed a greater mummy
 92118 | Tomb:1   | Killed a greater mummy
 92661 | Tomb:1   | Noticed a greater mummy
 92669 | Tomb:1   | Killed a greater mummy
 92877 | Tomb:2   | Noticed a greater mummy
 92877 | Tomb:2   | Noticed a greater mummy
 92877 | Tomb:2   | Noticed a greater mummy
 92880 | Tomb:2   | Noticed a greater mummy
 92889 | Tomb:2   | Killed a greater mummy
 92889 | Tomb:2   | Received a gift from Okawaru
 92889 | Tomb:2   | Reached skill level 27 in Long Blades
 92892 | Tomb:2   | Killed a greater mummy
 92892 | Tomb:2   | Received a gift from Okawaru
 92896 | Tomb:2   | Killed a greater mummy
 92926 | Tomb:2   | Killed a greater mummy
 93862 | Tomb:1   | Noticed a greater mummy
 93880 | Tomb:1   | Noticed a greater mummy
 93881 | Tomb:1   | Noticed a greater mummy
 93881 | Tomb:1   | Noticed a greater mummy
 93885 | Tomb:1   | Noticed a greater mummy
 93888 | Tomb:1   | Noticed a greater mummy
 93888 | Tomb:1   | Noticed a greater mummy
 93889 | Tomb:1   | HP: 11/273 [greater mummy/divine providence (11)]
 93890 | Tomb:1   | Noticed a greater mummy
 93890 | Tomb:1   | Noticed a greater mummy
 93890 | Tomb:1   | Killed from afar by a greater mummy

Skill      XL: |  1  2  3  4  5  6  7  8  9 10 11 12 13 14 15 16 17 18 19 20 21 22 23 24 25 26 27 |
---------------+----------------------------------------------------------------------------------+-----
Armour         | 4 5 6 7 9 10 11 12 13 15 18 21 22 24 26 27 | 27.0
Shields        | 4 5 6 8 10 11 12 13 15 18 21 23 25 26 27 | 27.0
Fighting       | 4 5 6 7 8 10 11 12 14 15 16 17 18 19 21 22 23 25 27 | 27.0
Long Blades    | 3 5 7 9 10 11 13 14 15 16 20 27 | 27.0
Bows           | 3 4 |  4.0
Invocations    | 3 5 6 7 |  7.0
Evocations     | 3 4 8 |  8.0
Crossbows      | 4 8 9 10 12 14 15 16 21 | 21.3
Dodging        | 5 9 15 | 15.0

Action                   |  1- 3 |  4- 6 |  7- 9 | 10-12 | 13-15 | 16-18 | 19-21 | 22-24 | 25-27 || total
-------------------------+-------+-------+-------+-------+-------+-------+-------+-------+-------++-------
Melee: Long sword        |   118 |   152 |   345 |   921 |  1268 |       |       |       |       ||  2804
       Headbutt          |    15 |    32 |    57 |   210 |   304 |   331 |   484 |   535 |  1013 ||  2981
       Double sword      |       |       |       |       |     7 |  1250 |  1850 |  1832 |  2894 ||  7833
 Fire: Hand crossbow     |       |       |       |       |    40 |    30 |   121 |    41 |   372 ||   604
       Shortbow          |       |       |       |       |     8 |       |       |       |       ||     8
       Triple crossbow   |       |       |       |       |       |       |       |       |    45 ||    45
Invok: Heroism           |       |       |     1 |     2 |     2 |       |       |       |       ||     5
       Finesse           |       |       |       |       |     2 |     5 |     1 |     5 |    15 ||    28
 Abil: Evoke Flight      |       |       |       |       |       |       |     2 |       |       ||     2
Evoke: Wand              |       |       |     3 |     7 |     5 |     2 |     1 |       |     1 ||    19
       Sack of spiders   |       |       |       |     1 |     2 |       |       |       |       ||     3
       Phantom mirror    |       |       |       |       |       |       |       |       |     1 ||     1
  Use: Scroll            |     2 |     7 |     8 |     7 |     7 |    16 |    14 |    14 |    42 ||   117
       Potion            |     1 |     5 |     4 |     3 |     9 |     3 |     6 |     5 |    22 ||    58
 Stab: Distracted        |       |       |       |       |       |     1 |       |       |       ||     1
       Held in net/web   |       |       |       |       |       |       |     1 |       |       ||     1
  Eat: Chunk             |     1 |     7 |    11 |    20 |    25 |    37 |    28 |    29 |    21 ||   179
       Ration            |       |       |       |     2 |     3 |     3 |     8 |     4 |    19 ||    39
Armor: Scale mail        |    51 |    41 |    92 |   172 |       |       |       |       |       ||   356
       Chain mail        |       |       |       |    26 |   258 |       |       |       |       ||   284
       Gold dragon scale |       |       |       |       |   149 |   285 |   850 |   531 |  1087 ||  2902
Dodge: Dodged            |    41 |    49 |   104 |   176 |   217 |    66 |   255 |   180 |   689 ||  1777
       Deflected         |       |       |       |       |       |    24 |       |       |     2 ||    26
Block: Shield            |    68 |   101 |   229 |   460 |   844 |       |       |       |       ||  1702
       Reflection        |       |       |       |       |     1 |    38 |    88 |   168 |    58 ||   353
       Large shield      |       |       |       |       |   106 |  1010 |  2576 |  2002 |  3807 ||  9501
       Other             |       |       |       |       |       |       |       |       |     9 ||     9
       Rpst.: Long sword |     3 |    11 |    18 |    51 |    47 |       |       |       |       ||   130
       Double sword      |       |       |       |       |       |    14 |    32 |    37 |   110 ||   193
